 Dungeon Crawl Stone Soup version 0.22.1-1-ga44c0e56f4 (webtiles) character file.

822 Atweeke the Charmwright (level 7, -1/56 HPs)
             Began as a Gnoll Skald on Sept 22, 2018.
             Shot with an arrow by a centaur (10 damage)
             ... on level 5 of the Dungeon.
             The game lasted 00:10:20 (4268 turns).

Atweeke the Charmwright (Gnoll Skald)               Turns: 4268, Time: 00:10:20

Health: -1/56      AC:  3    Str: 13    XL:     7   Next: 95%
Magic:  11/15      EV: 14    Int: 18    God:
Gold:   196        SH:  0    Dex: 14    Spells: 8/17 levels left

rFire    + . .     SeeInvis .   q - +0 war axe
rCold    + + .     Gourm    .   (no shield)
rNeg     . . .     Faith    .   b - +0 leather armour
rPois    .         Spirit   .   (no helmet)
rElec    .         Reflect  .   u - scarf {rC+ rF+}
rCorr    .         Harm     .   (no gloves)
MR       .....                  (no boots)
Stlth    ++........             (no amulet)
HPRegen  1.18/turn              a - ring of protection from cold
MPRegen  0.14/turn              (no ring)

@: shrouded, regenerating (expiring)
A: distributed training, fangs 1, strong nose
a: no special abilities


You were on level 5 of the Dungeon.
You were not hungry.

You visited 1 branch of the dungeon, and saw 5 of its levels.

You collected 196 gold pieces.

Inventory:

Hand Weapons
 q - a +0 war axe (weapon)
 s - a cursed -1 hand axe
 t - a +0 hand axe of freezing
Missiles
 k - 179 stones
 r - 5 tomahawks (quivered)
Armour
 b - a +0 leather armour (worn)
 u - a scarf of resistance (worn)
Jewellery
 a - a ring of protection from cold (left hand)
Scrolls
 d - a scroll of blinking {unknown}
 e - a scroll of noise {unknown}
 g - 4 scrolls of identify
 h - a scroll of remove curse {unknown}
 i - a scroll of enchant weapon {unknown}
 l - 2 scrolls of teleportation {unknown}
 n - a scroll of fog {unknown}
Potions
 f - a potion of heal wounds {unknown}
 j - 2 potions of curing {unknown}
 m - a potion of flight {unknown}
 o - 2 potions of ambrosia {unknown}
 p - 2 potions of mutation {unknown}
Comestibles
 c - 7 rations
 v - a chunk of flesh


   Skills:
 + Level 5.4 Fighting
 + Level 2.7 Short Blades
 + Level 2.7 Long Blades
 + Level 5.4 Axes
 + Level 2.7 Maces & Flails
 + Level 2.7 Polearms
 + Level 2.7 Staves
 + Level 2.7 Slings
 + Level 2.7 Bows
 + Level 2.7 Crossbows
 + Level 2.7 Throwing
 + Level 3.8 Armour
 + Level 5.4 Dodging
 + Level 2.7 Stealth
 + Level 2.7 Shields
 + Level 2.7 Unarmed Combat
 + Level 5.7 Spellcasting
 + Level 2.2 Conjurations
 + Level 2.2 Hexes
 + Level 5.9 Charms
 + Level 2.2 Summonings
 + Level 2.2 Necromancy
 + Level 2.2 Translocations
 + Level 2.2 Transmutations
 + Level 2.2 Fire Magic
 + Level 2.2 Ice Magic
 + Level 2.2 Air Magic
 + Level 2.2 Earth Magic
 + Level 2.2 Poison Magic
 + Level 3.0 Invocations
 + Level 2.7 Evocations


You had 8 spell levels left.
You knew the following spells:

 Your Spells              Type           Power        Failure   Level  Hunger
a - Shroud of Golubria    Chrm/Tloc      ###.......   4%          2    None
g - Regeneration          Chrm/Necr      ###.......   9%          3    ##.....
x - Spectral Weapon       Hex/Chrm       ###.....     9%          3    ##.....
z - Infusion              Chrm           ####         1%          1    None

Your spell library contained the following spells:

 Spells                   Type           Power        Failure   Level  Hunger
 Song of Slaying          Chrm           ####....     1%          2    None


Dungeon Overview and Level Annotations

Branches:
Dungeon (5/15)
 Temple: D:4-7

Altars:
Fedhas
Okawaru
Vehumet

Annotations:
D:5 Prince Ribbit


Innate Abilities, Weirdness & Mutations

Your experience applies equally to all skills.
You have very sharp teeth.
Your uncanny sense of smell can sniff out nearby items.


Message History

The centaur shoots an arrow.
The arrow misses you.
You see here an arrow.
Casting: Spectral Weapon (safe; 9% risk of failure)
Confirm with . or Enter, or press ? or * to list all spells.
Space distorts slightly along a thin shroud covering your body.
The centaur shoots an arrow.
The arrow hits you!
Casting: Shroud of Golubria (safe; 4% risk of failure)
Confirm with . or Enter, or press ? or * to list all spells.
Your skin crawls.
Prince Ribbit misses you.
The centaur shoots an arrow.
The arrow hits you!
Prince Ribbit blinks!
The centaur shoots an arrow.
The arrow hits you.
You see here 2 arrows.
Your skin is crawling a little less now.
The centaur shoots an arrow.
The arrow hits you!!
* * * LOW HITPOINT WARNING * * *
You see here an arrow.
The centaur shoots an arrow.
The arrow hits you but does no damage.
Prince Ribbit blinks!
The centaur shoots an arrow.
The arrow hits you!
You die...

...........................
#.............############
#.......##### ##...####
##..# ##.## ##.## ##<##
##@## #..## . ##..## ..
##..## ... ##.(## .Z..
##.Z####..... ##.(#.......
##c(....... ##........


You could see a centaur and an adder zombie.

Vanquished Creatures
  Sigmund (D:2)
  An ogre (D:4)
  A bullfrog (D:3)
  A crimson imp (D:2)
  2 hounds (D:4)
  4 orc priests
  3 orc wizards (D:4)
  2 worker ants
  8 adders
  An adder skeleton (D:4)
  3 worms
  3 dart slugs
  2 leopard geckos
  13 orcs
  5 giant cockroaches
  9 goblins
  6 hobgoblins
  2 jackals (D:5)
  7 kobolds
  4 bats
  6 frilled lizards
  7 rats
91 creatures vanquished.

Notes
Turn   | Place    | Note
-------+----------+-------------------------------------------
     0 | D:1      | Atweeke the Gnoll Skald began the quest for the Orb.
     0 | D:1      | Reached XP level 1. HP: 20/20 MP: 6/6
   238 | D:1      | Reached XP level 2. HP: 26/26 MP: 7/7
   744 | D:2      | Learned a level 2 spell: Shroud of Golubria
   812 | D:2      | Reached XP level 3. HP: 19/31 MP: 1/9
   882 | D:2      | Learned a level 3 spell: Regeneration
   886 | D:2      | Learned a level 3 spell: Spectral Weapon
   926 | D:2      | Reached skill level 5 in Spellcasting
  1063 | D:2      | Reached skill level 1 in Short Blades
  1063 | D:2      | Reached skill level 1 in Long Blades
  1063 | D:2      | Reached skill level 1 in Maces & Flails
  1063 | D:2      | Reached skill level 1 in Polearms
  1063 | D:2      | Reached skill level 1 in Staves
  1063 | D:2      | Reached skill level 1 in Slings
  1063 | D:2      | Reached skill level 1 in Bows
  1063 | D:2      | Reached skill level 1 in Crossbows
  1063 | D:2      | Reached skill level 1 in Throwing
  1063 | D:2      | Reached skill level 1 in Stealth
  1063 | D:2      | Reached skill level 1 in Shields
  1063 | D:2      | Reached skill level 1 in Unarmed Combat
  1063 | D:2      | Reached skill level 1 in Invocations
  1063 | D:2      | Reached skill level 1 in Evocations
  1063 | D:2      | Reached XP level 4. HP: 24/38 MP: 7/11
  1081 | D:2      | Noticed Sigmund
  1358 | D:2      | Reached skill level 1 in Conjurations
  1358 | D:2      | Reached skill level 1 in Hexes
  1358 | D:2      | Reached skill level 1 in Summonings
  1358 | D:2      | Reached skill level 1 in Necromancy
  1358 | D:2      | Reached skill level 1 in Translocations
  1358 | D:2      | Reached skill level 1 in Transmutations
  1358 | D:2      | Reached skill level 1 in Fire Magic
  1358 | D:2      | Reached skill level 1 in Ice Magic
  1358 | D:2      | Reached skill level 1 in Air Magic
  1358 | D:2      | Reached skill level 1 in Earth Magic
  1358 | D:2      | Reached skill level 1 in Poison Magic
  1455 | D:2      | Reached XP level 5. HP: 37/43 MP: 6/12
  2322 | D:2      | Killed Sigmund
  2322 | D:2      | Reached skill level 5 in Fighting
  2322 | D:2      | Reached skill level 5 in Axes
  2322 | D:2      | Reached skill level 5 in Dodging
  2322 | D:2      | Reached XP level 6. HP: 45/51 MP: 8/14
  2707 | D:3      | Reached XP level 7. HP: 56/56 MP: 12/15
  2761 | D:3      | Found an iron altar of Okawaru.
  3281 | D:4      | Found a radiant altar of Vehumet.
  3817 | D:4      | Found a blossoming altar of Fedhas.
  4197 | D:5      | Entered Level 5 of the Dungeon
  4258 | D:5      | Noticed Prince Ribbit
  4264 | D:5      | HP: 4/56 [centaur/arrow (18)]
  4268 | D:5      | Shot with an arrow by a centaur

Skill      XL: |  1  2  3  4  5  6  7 |
---------------+----------------------+-----
Spellcasting   | 5 |  5.7
Short Blades   | 1 2 |  2.7
Long Blades    | 1 2 |  2.7
Maces & Flails | 1 2 |  2.7
Polearms       | 1 2 |  2.7
Staves         | 1 2 |  2.7
Slings         | 1 2 |  2.7
Bows           | 1 2 |  2.7
Crossbows      | 1 2 |  2.7
Throwing       | 1 2 |  2.7
Stealth        | 1 2 |  2.7
Shields        | 1 2 |  2.7
Unarmed Combat | 1 2 |  2.7
Invocations    | 1 2 3 |  3.0
Evocations     | 1 2 |  2.7
Conjurations   | 1 2 |  2.2
Hexes          | 1 2 |  2.2
Summonings     | 1 2 |  2.2
Necromancy     | 1 2 |  2.2
Translocations | 1 2 |  2.2
Transmutations | 1 2 |  2.2
Fire Magic     | 1 2 |  2.2
Ice Magic      | 1 2 |  2.2
Air Magic      | 1 2 |  2.2
Earth Magic    | 1 2 |  2.2
Poison Magic   | 1 2 |  2.2
Armour         | 3 |  3.8
Fighting       | 5 |  5.4
Axes           | 5 |  5.4
Dodging        | 5 |  5.4
Charms         | |  5.9

Action                   |  1- 3 |  4- 6 |  7- 9 || total
-------------------------+-------+-------+-------++-------
Melee: Hand axe          |    77 |    73 |       ||   150
       Bite              |     7 |    11 |    17 ||    35
       War axe           |       |    46 |   102 ||   148
       Punch             |       |     1 |     2 ||     3
 Cast: Infusion          |     1 |     5 |     1 ||     7
       Shroud of Golubri |     1 |       |     6 ||     7
       Regeneration      |     1 |     7 |     6 ||    14
       Spectral Weapon   |     1 |     6 |     4 ||    11
  Use: Scroll            |       |     1 |     1 ||     2
 Stab: Sleeping          |     1 |     4 |       ||     5
  Eat: Chunk             |     1 |     6 |     6 ||    13
Armor: Leather armour    |    11 |    25 |    19 ||    55
Dodge: Dodged            |    57 |    99 |    96 ||   252
